 Dungeon Crawl Stone Soup version 0.31-a0-219-g8d62b2e7bb (webtiles) character file.

Game seed: 15358749459152882460

7269 Zonian the Thaumaturge (level 10, -9/50 HPs)
             Began as a Deep Elf Fire Elementalist on July 3, 2023.
             Was a Follower of Vehumet.
             Mangled by a boulder beetle (25 damage)
             ... on level 1 of the Lair of Beasts on July 4, 2023.
             The game lasted 00:31:59 (16074 turns).

Zonian the Thaumaturge (DEFE)                      Turns: 16074, Time: 00:32:02

Health: -9/50      AC: 15    Str:  5    XL:     10   Next: 89%
Magic:  0/28       EV: 12    Int: 28    God:    Vehumet [*.....]
Gold:   451        SH:  0    Dex: 13    Spells: 17/33 levels left

rFire   + . .        A - staff of fire
rCold   + . .        (no shield)
rNeg    . . .        E - +3 leather armour of Iclas {Dex+3}
rPois   .            M - +2 hat
rElec   +            C - +0 cloak
rCorr   .            K - +1 pair of gloves
SInv    .            (no boots)
Will    +....        D - amulet of guardian spirit
Stlth   ++           k - ring of Kueffem {Fly rElec rC+ Int+3 Dex-5}
HPRegen 0.28/turn    f - +4 ring of protection
MPRegen 0.21/turn

%: guardian spirit
@: flying, invisible
A: no striking features
a: Renounce Religion


You were on level 1 of the Lair of Beasts.
You worshipped Vehumet.
Vehumet was aware of your devotion.
You visited 3 branches of the dungeon, and saw 11 of its levels.

You collected 495 gold pieces.
You spent 44 gold pieces at shops.

Inventory:

Hand Weapons
 g - a +1 rapier
 m - the +6 shillelagh "Devastator" {shatter}
   (You found it on level 2 of the Dungeon)
 x - a +1 dagger of holy wrath
 G - a +2 dagger of draining
 R - a +1 dagger of speed
Missiles
 h - 18 poisoned darts
 p - 5 atropa-tipped darts
 z - 17 boomerangs
 J - 2 javelins
Armour
 a - a +0 robe
 u - the +0 leather armour "Etwiacs" {MP-9 Str+3 Int+3 SInv}
   (You found it on level 2 of the Dungeon)

   Str:       It affects your strength (+3).
   Int:       It affects your intelligence (+3).
   MP:        It affects your magic capacity (-9).
   SInv:      It lets you see invisible.
 y - a +0 buckler
 C - a +0 cloak (worn)
 E - the +3 leather armour of Iclas (worn) {Dex+3}
   (You found it on level 6 of the Dungeon)

   Dex:       It affects your dexterity (+3).
 K - a +1 pair of gloves (worn)
 M - a +2 hat (worn)
 S - a +3 leather armour of fire resistance
Magical Staves
 A - a staff of fire (weapon)
Jewellery
 f - a +4 ring of protection (right hand)
 k - the ring of Kueffem (left hand) {Fly rElec rC+ Int+3 Dex-5}
   (You acquired it on level 9 of the Dungeon)

   [ring of flight]

   Int:       It affects your intelligence (+3).
   Dex:       It affects your dexterity (-5).
   rC:        It protects you from cold.
   rElec:     It insulates you from electricity.
   Fly:       It grants you flight.
 l - a ring of protection from cold
 r - a ring of positive energy
 D - an amulet of guardian spirit (around neck)
 T - a ring of protection from cold
 U - a +6 ring of strength
Wands
 v - a wand of acid (1)
 H - a wand of mindburst (11)
 L - a wand of polymorph (17)
 O - a wand of flame (7)
Scrolls
 b - 5 scrolls of immolation
 d - 3 scrolls of poison
 i - 2 scrolls of revelation
 o - 2 scrolls of fog
 q - 2 scrolls of enchant weapon
Potions
 c - 2 potions of lignification
 e - 2 potions of brilliance
 s - 3 potions of heal wounds
 t - 4 potions of curing
 w - a potion of ambrosia
 F - a potion of berserk rage


   Skills:
 - Level 3.7 Dodging
 - Level 3.8 Stealth
 + Level 12.3 Spellcasting
 + Level 10.1 Conjurations
 + Level 10.5 Fire Magic
 + Level 4.7 Earth Magic


You had 17 spell levels left.
You knew the following spells:

 Your Spells              Type           Power      Damage    Failure   Level
a - Foxfire               Conj/Fire      100%       2x1d9     1%          1
b - Scorch                Fire           100%       2d9       1%          2
c - Flame Wave            Conj/Fire      85%        2d18      1%          4
d - Stone Arrow           Conj/Erth      100%       3d13      1%          3
e - Inner Flame           Hex/Fire       63%        N/A       1%          3
f - Volatile Blastmotes   Fire/Tloc      100%       2d18      1%          3

Your spell library contained the following spells:

 Spells                   Type           Power      Damage    Failure   Level
 Kiss of Death            Conj/Necr      100%       2d13      1%          1
 Static Discharge         Conj/Air       90%        2-6/arc   1%          2
 Lesser Beckoning         Tloc           34%        N/A       9%          2
 Gell's Gravitas          Tloc           17%        N/A       16%         3
 Ozocubu's Armour         Ice            17%        N/A       16%         3
 Teleport Other           Tloc           17%        N/A       16%         3
 Tukima's Dance           Hex            17%        N/A       16%         3
 Animate Armour           Summ/Erth      60%        N/A       21%         4
 Airstrike                Air            8%         2d(2-18)  47%         4
 Passage of Golubria      Tloc           17%        N/A       47%         4
 Summon Lightning Spire   Summ/Air       17%        N/A       47%         4
 Yara's Violent Unravell  Hex/Tmut       8%         3d5       83%         5
 Ozocubu's Refrigeration  Ice            8%         4d9       100%        7
 Storm Form               Tmut/Air       8%         N/A       100%        7
 Lehudib's Crystal Spear  Conj/Erth      28%        10d7      100%        8
 Maxwell's Capacitive Co  Air            8%         ∞         100%        8


Dungeon Overview and Level Annotations

Branches:
Dungeon (9/15)             Temple (1/1) D:7            Lair (1/5) D:9
    Orc: D:9-12

Altars:
Ashenzari
Cheibriados
Dithmenos
Elyvilon
Fedhas
Hepliaklqana
Makhleb
Nemelex Xobeh
Okawaru
Qazlal
Trog
Uskayaw
Vehumet
Wu Jian
Xom
Yredelemnul

Shops:
D:1 [=::   D:2 ?


Message History

The flame wave engulfs the wolf!!
The wolf is almost dead. (Press . to intensify the flame waves.)
You feel sick.
You are no longer poisoned.
You hear a croak.
You hear a loud, deep croak!
The wolf bites you but does no damage. The wolf barely misses you.
The wolf bites you but does no damage.
The boulder beetle curls into a ball and begins rolling!
The wolf bites you. x2; The wolf closely misses you.
Casting: Flame Wave (dangerous; 1% risk of failure)
Confirm with . or Enter, or press ? or * to list all spells.
Restarting spell: Flame Wave (dangerous; 1% risk of failure)
Press: ? - help, Dir - look around, f - activate You feel a surge of power!
A wave of flame ripples out!
The flame wave engulfs the wolf!
The wolf is almost dead.
The flame wave engulfs the wolf!
You kill the wolf!
Vehumet accepts your kill.
The flame wave engulfs the wolf!!
You kill the wolf!
Vehumet accepts your kill. (Press . to intensify the flame waves.)
The wolf bites you but does no damage.
Casting: Flame Wave (dangerous; 1% risk of failure)
Confirm with . or Enter, or press ? or * to list all spells.
Restarting spell: Flame Wave (dangerous; 1% risk of failure)
Press: ? - help, Dir - look around, f - activate You feel a surge of power!
A wave of flame ripples out!
The flame wave engulfs the boulder beetle!
The boulder beetle is lightly wounded.
The flame wave engulfs the wolf!!
You kill the wolf!
Vehumet accepts your kill.
You feel your power returning. (Press . to intensify the flame waves.)
The boulder beetle hits you!!
Ouch! That really hurt!
You die...

........$..#
..........#
#.........#
#..........
##......$...
#...........
.######††........
......†@B°.......
.P#..#.†.........
# #...........
#...........
#...........
#...........
#......F....
#...........
####.....


You could see a boulder beetle (rolling, unable to see you) and a bullfrog
(wandering, unable to see you).

Vanquished Creatures
  A cyclops (D:9)
  Maggie (D:6)
  2 trolls (D:9)
  7 yaks
  A slime creature (D:7)
  Eustachio (D:5)
  Edmund (D:5)
  2 water moccasins
  An acid dragon (D:8)
  2 ice beasts
  An orc warrior (D:8)
  2 sky beasts
  A black bear (D:5)
  3 ogres
  6 wolves (Lair:1)
  5 centaurs
  Blork the orc (D:5)
  2 bullfrogs
  6 kobold brigands
  5 scorpions
  9 wights
  6 killer bees
  7 jellies
  4 hounds
  Crazy Yiuf (D:4)
  6 orc priests
  3 iguanas
  A sleepcap (D:6)
  A gnoll bouda (D:5)
  10 orc wizards
  5 gnolls
  9 adders
  A shadow imp (D:6)
  An ufetubus (D:6)
  A dart slug (D:2)
  37 orcs
  6 ball pythons
  15 endoplasms
  6 giant cockroaches
  7 goblins
  8 hobgoblins
  8 jackals
  22 kobolds
  A quokka (D:4)
  8 bats
  4 frilled lizards
  6 rats
  A butterfly (D:6)
245 creatures vanquished.

Vanquished Creatures (collateral kills)
  A foxfire (D:8)
1 creature vanquished.

Vanquished Creatures (others)
  954 foxfires
954 creatures vanquished.

Grand Total: 1200 creatures vanquished

Notes
Turn   | Place    | Note
-------+----------+-------------------------------------------
     0 | D:1      | Zonian the Deep Elf Fire Elementalist began the quest for
                  | the Orb.
     0 | D:1      | Reached XP level 1. HP: 10/10 MP: 6/6
   384 | D:1      | Found Codibid's Book Shop.
   569 | D:1      | Reached XP level 2. HP: 15/15 MP: 0/8
   689 | D:1      | Found Enituxe's Jewellery Boutique.
   722 | D:1      | Found Zalehipn's Armour Emporium.
   913 | D:1      | Found Zogug's Book Boutique.
   919 | D:1      | Reached XP level 3. HP: 19/19 MP: 5/9
  1233 | D:1      | You fall into a shaft and drop 1 floor!
  1266 | D:2      | Identified the +0 leather armour "Etwiacs" {MP-9 Str+3
                  | Int+3 SInv}
  1411 | D:2      | Found the +6 shillelagh "Devastator" {shatter}
  1653 | D:2      | Found Fykhanue's Magic Scroll Shoppe.
  1660 | D:2      | Bought a scroll of fog for 44 gold pieces
  2801 | D:3      | Reached XP level 4. HP: 9/24 MP: 7/11
  2835 | D:3      | Learned a level 2 spell: Scorch
  3278 | D:3      | Reached skill level 4 in Spellcasting
  3278 | D:3      | Reached XP level 5. HP: 19/28 MP: 1/13
  3522 | D:3      | Noticed an ogre
  3880 | D:3      | Found a snail-covered altar of Cheibriados.
  4239 | D:3      | Killed an ogre
  4240 | D:3      | Reached XP level 6. HP: 32/32 MP: 5/15
  4551 | D:3      | Reached skill level 5 in Spellcasting
  5503 | D:4      | Reached skill level 5 in Fire Magic
  5783 | D:4      | Reached XP level 7. HP: 36/36 MP: 7/17
  6005 | D:4      | Reached skill level 6 in Spellcasting
  6582 | D:4      | Found a runed translucent door.
  6589 | D:4      | Noticed Crazy Yiuf
  6595 | D:4      | Killed Crazy Yiuf
  6688 | D:5      | Entered Level 5 of the Dungeon
  6817 | D:5      | Noticed Blork the orc
  6821 | D:5      | Killed Blork the orc
  6822 | D:5      | Reached skill level 5 in Conjurations
  6900 | D:5      | Noticed Edmund
  6907 | D:5      | Killed Edmund
  6908 | D:5      | Reached skill level 7 in Spellcasting
  7074 | D:5      | Reached XP level 8. HP: 41/41 MP: 13/20
  7244 | D:5      | Noticed Eustachio
  7256 | D:5      | Killed Eustachio
  7928 | D:6      | Learned a level 4 spell: Flame Wave
  7950 | D:6      | Reached skill level 8 in Spellcasting
  7962 | D:6      | Noticed Maggie
  7972 | D:6      | Killed Maggie
  8355 | D:6      | Reached skill level 9 in Spellcasting
  8363 | D:6      | Reached XP level 9. HP: 42/45 MP: 11/24
  8559 | D:6      | Found a shimmering altar of Xom.
  9193 | D:6      | Identified the +3 leather armour of Iclas {Dex+3}
  9762 | D:6      | Reached skill level 10 in Spellcasting
 10257 | D:7      | Found a staircase to the Ecumenical Temple.
 10267 | Temple   | Entered the Ecumenical Temple
 10292 | Temple   | Became a worshipper of Vehumet
 11036 | D:7      | Found a large runed translucent door.
 11036 | D:7      | Found a large runed translucent door.
 11508 | D:7      | Learned a level 3 spell: Stone Arrow
 11792 | D:7      | Reached * piety under Vehumet
 11792 | D:7      | Offered knowledge of Kiss of Death by Vehumet.
 11950 | D:7      | Found a broken altar of Ashenzari.
 11960 | D:7      | Reached skill level 11 in Spellcasting
 11960 | D:7      | Reached skill level 1 in Earth Magic
 11960 | D:7      | Reached XP level 10. HP: 46/50 MP: 13/27
 11962 | D:7      | Found an ornate altar of the Wu Jian Council.
 13261 | D:9      | Found a staircase to the Lair.
 13262 | D:9      | Found a hazy altar of Hepliaklqana.
 14129 | D:9      | Found a white marble altar of Elyvilon.
 14160 | D:9      | Noticed a cyclops
 14169 | D:9      | Killed a cyclops
 14170 | D:9      | Reached skill level 10 in Fire Magic
 14796 | Lair:1   | Entered Level 1 of the Lair of Beasts
 14798 | Lair:1   | Noticed a boulder beetle
 15121 | D:9      | Learned a level 3 spell: Inner Flame
 15125 | D:9      | Learned a level 3 spell: Volatile Blastmotes
 15125 | D:9      | Identified a scroll of acquirement
 15125 | D:9      | Acquired the ring of Kueffem {Fly rElec rC+ Int+3 Dex-5}
 15486 | D:9      | Reached skill level 12 in Spellcasting
 16066 | Lair:1   | Reached skill level 10 in Conjurations
 16074 | Lair:1   | Mangled by a boulder beetle

Illustrated notes

Levels and vault maps discovered:
D:1:      lordsloth_arrival_two_stooges, layout_rooms, serial_shops,
          nicolae_square_shop, nicolae_shop_gaudy_bauble,
          nicolae_shop_advertising_works [nicolae_subvault_shop_adworks],
          nicolae_shop_peninsula, eino_curves_04
D:2:      layout_basic, serial_shops, nicolae_shop_tiny_waterfront
D:3:      minmay_thinvault, layout_basic, mainiacjoe_overflow_paths,
          kennysheep_generic_room_2
D:4:      layout_loops_ring, minmay_misc_feat_doors, minmay_misc_feat_x,
          uniq_crazy_yiuf_cottage
D:5:      layout_loops_corners, uniq_edmund, uniq_blork_the_orc, uniq_eustachio
D:6:      layout_basic, xom_butterflies, uniq_maggie
D:7:      cheibrodos_fertilizer, layout_cave_pools, jmf_multi_god_temple2,
          minmay_temple_entry_junction_2
D:8:      layout_rooms, kennysheep_nondescript
D:9:      layout_long_grid, mainiacjoe_overflow_boulevard, lemuel_doored_altar,
          lair_entry_dummy
Temple:   nicolae_temple_ecumenical_triangle
Lair:1:   layout_small_grid, nicolae_quartered_pool_little

Skill      XL: |  1  2  3  4  5  6  7  8  9 10 |
---------------+-------------------------------+-----
Stealth        | 3 |  3.8
Dodging        | 3 |  3.7
Conjurations   | 2 3 4 5 7 8 10 | 10.1
Spellcasting   | 4 5 7 9 11 12 | 12.3
Fire Magic     | 4 5 6 7 9 10 | 10.5
Earth Magic    | 1 4 |  4.7

Action                     |  1- 3 |  4- 6 |  7- 9 | 10-12 || total
---------------------------+-------+-------+-------+-------++-------
  Melee: Unarmed           |     8 |       |       |       ||     8
         Rapier            |    27 |    20 |       |       ||    47
         Staff             |       |    11 |    22 |     8 ||    41
         Punch             |       |     1 |       |       ||     1
         Dagger            |       |       |     2 |     8 ||    10
  Throw: Dart              |       |     1 |       |       ||     1
         Throwing net      |       |     1 |       |       ||     1
   Cast: Foxfire           |    75 |   146 |   235 |   141 ||   597
         Scorch            |       |    14 |    54 |    27 ||    95
         Flame Wave        |       |       |     6 |    12 ||    18
  Evoke: Wand              |       |     3 |     9 |     1 ||    13
    Use: Scroll            |     2 |     7 |     7 |     5 ||    21
         Potion            |     1 |       |     1 |     2 ||     4
   Stab: Sleeping          |     4 |     2 |       |       ||     6
 Armour: Robe              |     4 |     8 |     9 |       ||    21
         Leather armour    |       |       |    39 |    44 ||    83
  Dodge: Dodged            |    34 |    28 |    61 |    47 ||   170

Table legend: (Time is in decaauts)
 A = Elapsed time spent in this place.
 B = Non-inter-level travel time spent in this place.
 C = Inter-level travel time spent in this place.
 D = Time resting spent in this place.
 E = Time spent auto-exploring this place.
 F = Levels seen in this place.
 G = Mean time per level.
                   A        B        C        D        E       F      G
               +--------+--------+--------+--------+--------+-----+--------+
         Total |  16083 |  15703 |    380 |   5791 |   7648 |  11 | 1462.1 |
       Dungeon |  15951 |  15585 |    366 |   5791 |   7636 |   9 | 1772.3 |
        Temple |     38 |     25 |     13 |      0 |     12 |   1 |   38.0 |
          Lair |     93 |     93 |      0 |      0 |      0 |   1 |   93.0 |
               +--------+--------+--------+--------+--------+-----+--------+

Top non-repeatable levels by time:
     D:9: 2416 daAuts
     D:3: 2388 daAuts
     D:6: 2347 daAuts
     D:7: 1796 daAuts
     D:2: 1664 daAuts
     D:8: 1459 daAuts
     D:4: 1412 daAuts
     D:5: 1234 daAuts
     D:1: 1232 daAuts
  Lair:1: 93 daAuts
  Temple: 38 daAuts
